 Dungeon Crawl Stone Soup version 0.23.1 (webtiles) character file.

Game seed: 0

18211 LostNumber the Unseen (level 12, 0/56 HPs)
             Began as a Spriggan Enchanter on Mar 3, 2019.
             Was an Initiate of Gozag.
             Slain by an eight-headed hydra (7 damage)
             ... on level 2 of the Lair of Beasts on Mar 4, 2019.
             The game lasted 00:56:52 (17812 turns).

LostNumber the Unseen (Spriggan Enchanter)         Turns: 17812, Time: 00:56:52

Health: 0/56       AC:  4    Str:  8    XL:     12   Next: 25%
Magic:  31/31      EV: 30    Int: 16    God:    Gozag
Gold:   44         SH:  0    Dex: 18    Spells: 11/23 levels left

rFire    + . .     SeeInvis +   K - +6 demon whip (vamp) {!w}
rCold    . . .     Gourm    .   (shield restricted)
rNeg     . . .     Faith    .   b - +0 robe
rPois    .         Spirit   .   (helmet restricted)
rElec    .         Reflect  .   p - +1 cloak
rCorr    .         Harm     .   (gloves unavailable)
MR       ++...                  (boots unavailable)
Stlth    ++++++....             (no amulet)
HPRegen  0.18/turn              i - ring of protection from fire
MPRegen  0.22/turn              G - ring of magical power

@: very quick
A: very small, unfitting armour, see invisible, herbivore, speed 3, slow
metabolism 2
a: Potion Petition, Call Merchant, Bribe Branch, Renounce Religion


You were on level 2 of the Lair of Beasts.
You worshipped Gozag.
Gozag was noncommittal.
You were not hungry.

You visited 3 branches of the dungeon, and saw 15 of its levels.
You also visited: Ossuary.

You collected 2952 gold pieces.
You spent 1540 gold pieces at shops.
You paid 1368 gold pieces to Gozag.

Inventory:

Hand Weapons
 a - a +1 dagger
 x - a +2 dagger
   (You took it off a wight on level 6 of the Dungeon)
 K - a +6 vampiric demon whip (weapon) {!w}
   (You bought it in a shop on level 11 of the Dungeon)
 L - the +10 war axe of the Present {elec, MR- Str+4, unknown}
   (You found it on level 1 of the Lair of Beasts)

   Occasionally, upon striking a foe, it will discharge some electrical energy
   and cause terrible harm.
   It affects your strength (+4).
   It affects your resistance to hostile enchantments.
Missiles
 q - 6 throwing nets (quivered) {!f}
Armour
 b - a +0 robe (worn)
 p - a +1 cloak (worn)
   (You found it on level 3 of the Dungeon)
 y - a scarf of repulsion
   (You found it on level 6 of the Dungeon)
 D - the cursed +0 buckler of Daisies {+Blink rElec Stlth+}
   (You found it on level 9 of the Dungeon)

   It insulates you from electricity.
   It lets you blink.
   It makes you more stealthy.
   It has a curse placed upon it.
Jewellery
 i - a ring of protection from fire (left hand)
   (You found it on level 7 of the Dungeon)
 G - a ring of magical power (right hand)
   (You found it on level 10 of the Dungeon)
 N - an uncursed ring of poison resistance {unknown}
   (You found it on level 2 of the Lair of Beasts)
Wands
 c - a wand of enslavement (11)
   (You found it on level 6 of the Dungeon)
 d - a wand of iceblast (6)
   (You found it on level 2 of the Lair of Beasts)
 t - a wand of flame (31)
   (You took it off Jessica on level 3 of the Dungeon)
 u - a wand of polymorph (10)
   (You took it off Ijyb on level 5 of the Dungeon)
Scrolls
 f - 3 scrolls of fog
 h - 3 scrolls of blinking
 k - a scroll of magic mapping
 n - 12 scrolls of remove curse {@r2}
 r - 3 scrolls of amnesia
 s - 8 scrolls of teleportation {@r4}
 A - a scroll of fear
 F - 3 scrolls of enchant armour
 H - 2 scrolls of identify {@r1}
 J - a scroll of immolation {!r}
Potions
 g - 3 potions of curing {@q1}
 j - 2 potions of berserk rage
 l - 4 potions of magic
 m - 3 potions of cancellation
 o - 4 potions of heal wounds {@q2}
 v - a potion of brilliance {unknown}
 w - 2 potions of agility
 z - 2 potions of invisibility
 B - a potion of flight {unknown}
 C - 3 potions of might
 E - 2 potions of lignification {!q}
 I - a potion of degeneration {unknown}
 M - 2 potions of mutation {unknown}
Comestibles
 e - 16 rations {!d}


   Skills:
 - Level 3.0 Fighting
 - Level 10.0 Short Blades
 * Level 4.0 Maces & Flails
 + Level 13.1 Dodging
 - Level 15.0 Stealth
 + Level 4.0 Shields
 - Level 6.0 Spellcasting
 * Level 9.8 Hexes


You had 11 spell levels left.
You knew the following spells:

 Your Spells              Type           Power        Failure   Level  Hunger
a - Corona                Hex            #####..      1%          1    None
c - Confuse               Hex            #####...     1%          3    ##.....
d - Tukima's Dance        Hex            #####...     1%          3    ##.....
s - Dazzling Spray        Conj/Hex       ###...       5%          3    ##.....
x - Ensorcelled Hibernat  Hex/Ice        ###...       2%          2    #......

Your spell library contained the following spells:

 Spells                   Type           Power        Failure   Level  Hunger
 Shock                    Conj/Air       #...         14%         1    None
 Swiftness                Chrm/Air       #.......     21%         2    #......
 Static Discharge         Conj/Air       #.......     38%         3    ##.....
 Airstrike                Air            #.........   80%         4    ####...
 Lightning Bolt           Conj/Air       #.........   98%         5    ######.


Dungeon Overview and Level Annotations

Branches:
Dungeon (11/15)            Temple (1/1) D:4            Lair (3/6) D:11
  Swamp: Lair:2-4    Shoals: Lair:2-4     Snake: Lair:2-4    Spider: Lair:2-4
    Orc: D:9-12

Altars:
Cheibriados
Dithmenos
Gozag
Hepliaklqana
Makhleb
Nemelex Xobeh
Okawaru
Qazlal
Ru
Trog
Vehumet
Wu Jian
Xom
Yredelemnul
The Shining One

Shops:
D:5 *   D:11 ([(   Lair:1 %=

Annotations:
D:6 3 runed translucent doors, gothhamster's ghost, novice HOFi
D:9 3 runed translucent doors, cada's ghost, novice DDFi


Innate Abilities, Weirdness & Mutations

You are very small and have problems with some larger weapons.
You are too small for most types of armour.
You have supernaturally acute eyesight. (SInv)
You are a herbivore.
You cover ground extremely quickly.
You need to consume almost no food.


Message History

The porcupine closely misses you.
Unknown command.
Unknown command.
There is a stone staircase leading up here.
You climb upwards.
There is a stone staircase leading down here.
You start resting.
You start resting.
You are near starving! [a] 553 gold - Asedikk's Food Shop [b] 768 gold - Zucwog's Assorted Antiques [c] 489 gold - Gebaq's Antique Weapon Shoppe [d] 734 gold - Garygesch's Distillery Fund which merchant?
Asedikk invites you to visit her Food Shop. [a] 997 gold - Punwuuss's Food Emporium [b] 731 gold - Elub's Weapon Boutique [c] 636 gold - Fewumycw's Antique Armour Shop [d] 728 gold - Vyemugar's Jewellery Emporium Fund which merchant?
You no longer have enough gold to fund merchants seeking to open stores in the dungeon.
Vyemugar invites you to visit his Jewellery Emporium.
There is an entrance to Asedikk's Food Shop here.
e - 8 rations {!d} (gained 1);
e - 9 rations {!d} (gained 1)
e - 10 rations {!d} (gained 1);
e - 11 rations {!d} (gained 1)
e - 12 rations {!d} (gained 1);
e - 13 rations {!d} (gained 1)
e - 14 rations {!d} (gained 1);
e - 15 rations {!d} (gained 1)
e - 16 rations {!d} (gained 1);
e - 17 rations {!d} (gained 1) Thank you for shopping at Asedikk's Food Shop!
There is an entrance to Vyemugar's Jewellery Emporium here.
Unknown command.
There is a stone staircase leading down here.
You start resting.
You eat one of the 17 rations {!d}.
That ration really hit the spot!
You climb downwards.
The porcupine bites you. The eight-headed hydra bites you.
The eight-headed hydra bites you! x2
* * * LOW HITPOINT WARNING * * *
The eight-headed hydra bites you.
* * * LOW HITPOINT WARNING * * *
The eight-headed hydra bites you!
* * * LOW HITPOINT WARNING * * *
The eight-headed hydra barely misses you.
The eight-headed hydra misses you.
The eight-headed hydra closely misses you.
The porcupine completely misses you.
There is a stone staircase leading up, spattered with blood here.
The eight-headed hydra bites you but does no damage.
The eight-headed hydra bites you!
You die...
Your body crumbles into a pile of gold.

##...# #......P## #....P
#....####.....## #...P.
#.......#.....#### ##....
##.............#.###.P...
#..........P............
#.......###.P...P#.#....
#.....r.###########.....
#.....D<.# ##....
#......@## #....
#.......## ####....
#(.......# #.######
##.......## ##.##.8.
#.........##########.....
##.......#.D##.##.#.#8.<.
##..........r........#....
#P..............>.....#...
###...#######..#.....#.#.#


You could see an eight-headed hydra and a porcupine.

Vanquished Creatures
  Harold (D:10)
  Sonja (Lair:1)
  An ugly thing (D:11)
  A cyclops (D:11)
  4 spiny frogs (Lair:1)
  2 komodo dragons
  2 trolls (D:9)
  Grinder (D:6)
  4 hippogriffs
  A hornet (D:9)
  A shadow (D:11)
  14 yaks
  A wyvern (D:9)
  A basilisk (Lair:2)
  Sigmund (D:4)
  A hungry ghost (D:10)
  Menkaure (D:4)
  2 wargs (D:11)
  14 soldier ants (D:11)
  8 water moccasins
  5 porcupines
  4 ice beasts
  A black bear (D:6)
  7 sky beasts
  3 orc warriors
  2 phantoms
  2 ogres
  2 centaurs
  4 big kobolds
  3 crocodiles
  8 bullfrogs
  A gnoll sergeant (D:10)
  3 elf zombies (Ossuary)
  2 scorpions
  4 killer bees
  18 wights
  3 howler monkeys (D:8)
  5 crimson imps
  7 centaur zombies
  A quasit (D:11)
  3 bullfrog zombies
  5 hounds
  2 jellies
  7 orc priests
  A bullfrog skeleton (D:6)
  Ijyb (D:5)
  Jessica (D:3)
  4 human zombies (Ossuary)
  21 orc wizards
  15 worker ants
  3 iguanas
  A hound skeleton (D:8)
  4 mummies
  A howler monkey zombie (D:5)
  A worker ant zombie (D:9)
  10 gnolls
  13 adders
  2 shadow imps
  An ooze (D:3)
  An adder skeleton (D:4)
  4 dart slugs
  6 leopard geckos
  38 orcs
  A ball python (D:1)
  3 giant cockroaches
  11 goblins
  2 hobgoblins
  2 jackals (D:7)
  A quokka (D:9)
  10 bats
  4 frilled lizards
  A hobgoblin zombie (D:6)
  22 kobolds
  An orc zombie (D:6)
  8 rats
358 creatures vanquished.

Vanquished Creatures (collateral kills)
  A komodo dragon (Lair:2)
1 creature vanquished.

Vanquished Creatures (others)
  2 fungi
  A plant (Lair:2)
3 creatures vanquished.

Grand Total: 362 creatures vanquished

Notes
Turn   | Place    | Note
-------+----------+-------------------------------------------
     0 | D:1      | LostNumber the Spriggan Enchanter began the quest for the
                  | Orb.
     0 | D:1      | Reached XP level 1. HP: 9/9 MP: 5/5
   145 | D:1      | Reached XP level 2. HP: 13/13 MP: 7/7
   209 | D:1      | Learned a level 2 spell: Ensorcelled Hibernation
  1075 | D:2      | Reached skill level 5 in Stealth
  1097 | D:2      | Reached XP level 3. HP: 16/16 MP: 8/8
  1541 | D:2      | Learned a level 3 spell: Confuse
  1566 | D:2      | Learned a level 3 spell: Tukima's Dance
  2311 | D:3      | Reached XP level 4. HP: 21/21 MP: 10/10
  2770 | D:3      | Reached skill level 6 in Stealth
  2770 | D:3      | Reached XP level 5. HP: 22/24 MP: 3/12
  2867 | D:3      | Noticed Jessica
  2874 | D:3      | Killed Jessica
  2877 | D:3      | Found an iron altar of Okawaru.
  3033 | D:3      | Reached skill level 7 in Stealth
  3560 | D:4      | Learned a level 3 spell: Dazzling Spray
  3643 | D:4      | Reached XP level 6. HP: 27/28 MP: 6/13
  3872 | D:4      | Found a staircase to the Ecumenical Temple.
  3881 | D:4      | Noticed Sigmund
  3888 | D:4      | Killed Sigmund
  3888 | D:4      | Reached skill level 5 in Short Blades
  3888 | D:4      | Reached skill level 8 in Stealth
  3894 | Temple   | Entered the Ecumenical Temple
  3925 | Temple   | Became a worshipper of Gozag Ym Sagoz the Greedy
  4222 | D:4      | Reached XP level 7. HP: 16/32 MP: 2/14
  4409 | D:4      | Noticed Menkaure
  4651 | D:4      | Killed Menkaure
  4651 | D:4      | Reached skill level 5 in Hexes
  4798 | D:5      | Entered Level 5 of the Dungeon
  4898 | D:5      | Found Etepn's General Store.
  4906 | D:5      | Bought a potion of curing for 36 gold pieces
  4906 | D:5      | Bought a potion of heal wounds for 60 gold pieces
  5039 | D:5      | Found a glowing golden altar of the Shining One.
  5204 | D:5      | Noticed Ijyb
  5209 | D:5      | Killed Ijyb
  5605 | D:6      | Reached XP level 8. HP: 35/36 MP: 15/15
  5853 | D:6      | Reached skill level 1 in Fighting
  6127 | D:6      | Reached skill level 5 in Dodging
  6162 | D:6      | Noticed Grinder
  6175 | D:6      | Killed Grinder
  6179 | D:6      | Found an ornate altar of the Wu Jian Council.
  6204 | D:6      | Found a sand-covered staircase.
  6210 | Ossuary  | Entered an ossuary
  6967 | Ossuary  | Reached XP level 9. HP: 28/44 MP: 1/16
  7116 | D:6      | Reached skill level 9 in Stealth
  7199 | D:6      | Reached skill level 5 in Spellcasting
  7797 | D:6      | Reached skill level 10 in Stealth
  7983 | D:6      | Found a runed translucent gate.
  7983 | D:6      | Found a runed translucent gate.
  7983 | D:6      | Found a runed translucent gate.
  7984 | D:6      | Noticed gothhamster's ghost (novice HOFi)
  8853 | D:7      | Reached skill level 11 in Stealth
  9512 | D:8      | Reached XP level 10. HP: 30/49 MP: 17/20
  9767 | D:8      | Reached skill level 12 in Stealth
 10456 | D:8      | Found a shimmering altar of Xom.
 11126 | D:9      | Reached skill level 10 in Dodging
 11178 | D:9      | Reached skill level 13 in Stealth
 11217 | D:9      | Found a runed translucent gate.
 11218 | D:9      | Found a runed translucent gate.
 11219 | D:9      | Found a runed translucent gate.
 11381 | D:9      | Noticed a spectral centaur warrior
 11386 | D:9      | Noticed cada's ghost (novice DDFi)
 11400 | D:9      | Got a shimmering buckler
 11409 | D:9      | Identified the cursed +0 buckler of Daisies {+Blink rElec
                  | Stlth+} (You found it on level 9 of the Dungeon)
 11595 | D:9      | Noticed a spectral centaur warrior
 11628 | D:10     | Entered Level 10 of the Dungeon
 11880 | D:10     | Noticed Harold
 12048 | D:10     | Killed Harold
 12048 | D:10     | Reached skill level 1 in Shields
 12296 | D:10     | Reached XP level 11. HP: 51/52 MP: 16/21
 12635 | D:11     | Noticed a brown ugly thing
 12639 | D:11     | Killed a brown ugly thing
 12639 | D:11     | Reached skill level 14 in Stealth
 12674 | D:11     | Found a staircase to the Lair.
 12738 | D:11     | Reached skill level 10 in Short Blades
 12975 | D:11     | Found Zefy's Armour Shoppe.
 13307 | D:11     | Found Qysetekupt's Antique Weapon Shop.
 13339 | D:11     | Bought a runed short sword for 186 gold pieces
 13339 | D:11     | Bought a runed demon whip for 558 gold pieces
 13449 | D:11     | Found Feusmeef's Weapon Emporium.
 13574 | D:11     | Reached skill level 1 in Maces & Flails
 13623 | D:11     | Noticed a queen ant
 13739 | Lair:1   | Entered Level 1 of the Lair of Beasts
 14076 | Lair:1   | Noticed Sonja
 14150 | Lair:1   | Killed Sonja
 14502 | D:11     | Reached skill level 15 in Stealth
 14968 | Lair:1   | Got a pitted war axe
 15138 | Lair:2   | Noticed a six-headed hydra
 15841 | Lair:1   | Reached XP level 12. HP: 51/56 MP: 22/22
 17282 | Lair:3   | Noticed an eight-headed hydra
 17505 | Lair:3   | HP: 2/56 [eight-headed hydra (9)]
 17711 | Lair:1   | Bought a ration for 70 gold pieces
 17711 | Lair:1   | Bought a ration for 70 gold pieces
 17711 | Lair:1   | Bought a ration for 70 gold pieces
 17711 | Lair:1   | Bought a ration for 70 gold pieces
 17711 | Lair:1   | Bought a ration for 70 gold pieces
 17711 | Lair:1   | Bought a ration for 70 gold pieces
 17711 | Lair:1   | Bought a ration for 70 gold pieces
 17711 | Lair:1   | Bought a ration for 70 gold pieces
 17711 | Lair:1   | Bought a ration for 70 gold pieces
 17711 | Lair:1   | Bought a ration for 70 gold pieces
 17812 | Lair:2   | Slain by an eight-headed hydra

Skill      XL: |  1  2  3  4  5  6  7  8  9 10 11 12 |
---------------+-------------------------------------+-----
Spellcasting   | 3 4 6 |  6.0
Short Blades   | 2 3 4 5 7 9 10 | 10.0
Stealth        | 5 6 7 8 11 13 15 | 15.0
Hexes          | 4 8 9 |  9.8
Fighting       | 3 |  3.0
Dodging        | 8 11 12 13 | 13.1
Shields        | 1 3 4 |  4.0
Maces & Flails | 3 4 |  4.0

Action                   |  1- 3 |  4- 6 |  7- 9 | 10-12 || total
-------------------------+-------+-------+-------+-------++-------
Melee: Dagger            |    86 |   137 |   375 |   375 ||   973
       Demon whip        |       |       |       |   408 ||   408
 Cast: Ensorcelled Hiber |    26 |    37 |    81 |   140 ||   284
       Corona            |     2 |     1 |       |     1 ||     4
       Confuse           |       |     6 |    45 |   125 ||   176
       Dazzling Spray    |       |       |       |     2 ||     2
       Tukima's Dance    |       |       |       |     1 ||     1
Invok: Call Merchant     |       |       |       |     2 ||     2
  Use: Potion            |       |     1 |       |     2 ||     3
       Scroll            |       |       |    14 |     7 ||    21
 Stab: Sleeping          |    24 |    25 |    63 |    92 ||   204
       Confused          |       |     2 |    33 |    85 ||   120
       Distracted        |       |       |     1 |     3 ||     4
  Eat: Ration            |       |     2 |     5 |    12 ||    19
Armor: Robe              |     6 |    12 |    15 |    25 ||    58
Dodge: Dodged            |    59 |   101 |   220 |   717 ||  1097
